 Dungeon Crawl Stone Soup version 0.23.2-30-g0e89c35649 (webtiles) character file.

Game seed: 379748561772894634

692 Kobolds4U the Magician (level 7, -7/36 HPs)
             Began as a Deep Elf Conjurer on June 18, 2019.
             Was an Initiate of Dithmenos.
             Mangled by a river rat (8 damage)
             ... on level 5 of the Dungeon.
             The game lasted 00:15:26 (5047 turns).

Kobolds4U the Magician (Deep Elf Conjurer)          Turns: 5047, Time: 00:15:27

Health: -7/36      AC:  2    Str:  3 (6)  XL:     7   Next: 36%
Magic:  12/18      EV: 11    Int: 20 (21) God:    Dithmenos [......]
Gold:   182        SH:  0    Dex: 13 (15) Spells: 8/18 levels left

rFire    . . .     SeeInvis .   a - +0 rapier
rCold    . . .     Gourm    .   (no shield)
rNeg     . . .     Faith    .   p - +0 robe
rPois    .         Spirit   .   (no helmet)
rElec    .         Reflect  .   (no cloak)
rCorr    .         Harm     .   (no gloves)
MR       +....                  (no boots)
Stlth    +.........             (no amulet)
HPRegen  0.12/turn              q - ring of protection from magic
MPRegen  0.16/turn              (no ring)

@: constricted, very slow
A: no striking features
a: Renounce Religion


You were on level 5 of the Dungeon.
You worshipped Dithmenos.
Dithmenos was noncommittal.
You were hungry.

You visited 1 branch of the dungeon, and saw 5 of its levels.

You collected 182 gold pieces.

Inventory:

Hand Weapons
 a - a +0 rapier (weapon)
 e - a +0 dagger
Missiles
 g - 62 arrows
Armour
 p - a +0 robe (worn)
 t - a +0 pair of gloves
Jewellery
 q - a ring of protection from magic (left hand)
Scrolls
 d - 5 scrolls of identify
 f - a scroll of enchant armour {unknown}
 m - a scroll of teleportation {unknown}
 n - a scroll of random uselessness {unknown}
 r - a scroll of remove curse {unknown}
 s - a scroll of immolation {unknown}
Potions
 j - a potion of lignification {unknown}
 k - a potion of might {unknown}
 l - a potion of mutation {unknown}
Comestibles
 c - 5 rations


   Skills:
 + Level 4.5 Dodging
 - Level 2.4 Stealth
 + Level 6.3 Spellcasting
 - Level 6.1 Conjurations
 - Level 4.0 Hexes
 + Level 3.1 Translocations


You had 8 spell levels left.
You knew the following spells:

 Your Spells              Type           Power        Failure   Level  Hunger
a - Magic Dart            Conj           ####         1%          1    None
b - Searing Ray           Conj           ####..       1%          2    None
c - Dazzling Spray        Conj/Hex       ####..       3%          3    ##.....
d - Force Lance           Conj/Tloc      ####....     14%         4    ####...

Your spell library contained the following spells:

 Spells                   Type           Power        Failure   Level  Hunger
 Iskenderun's Mystic Bla  Conj           ####....     9%          4    ####...
 Fulminant Prism          Conj/Hex       ####......   12%         4    ####...


Dungeon Overview and Level Annotations

Branches:
Dungeon (5/15)
 Temple: D:4-7

Altars:
Dithmenos
Fedhas
Gozag
Makhleb
Ru
Uskayaw
Xom
Yredelemnul

Portals:
Sewer: D:5

Annotations:
D:5 Edmund, Pikel


Message History

Edmund gestures with his flail.
The river rat closely misses you. The ball python closely misses you.
The ball python grabs you. The ball python constricts you.
The river rat barely misses you. The howler monkey hits you.
* * * LOW HITPOINT WARNING * * *
As you read the scroll labeled KIM JIKHESUL, it crumbles to dust.
The scroll dissolves into smoke.
It was a scroll of fog.
The ball python bites you.
* * * LOW HITPOINT WARNING * * *
x2 The ball python constricts you.
The river rat bites you.
* * * LOW HITPOINT WARNING * * *
The howler monkey hits you.
* * * LOW HITPOINT WARNING * * *
The river rat barely misses you.
It was a potion of degeneration.
There was something very wrong with that liquid.
You feel weakened.
You feel dopey.
You feel clumsy. The ball python misses you. The ball python constricts you.
The howler monkey misses you. The river rat bites you!
You die...

####.####.###.
####..#..##...##.
####.........#......
#...@.........#....?
#.######.(....#..$..
#.#≈≈≈≈#......##....
##s#S§§≈#..###.#.....
#.@hrr§≈#...##.......
#..#@r§≈#.(###..####.
#..#rS§≈#.......##...
#..######....>.......
#... ................
#... #...............
#.....[...##...[.....
#.. ......##.........
##.... .....K....
#....#..........


You could see Edmund, a howler monkey, 2 river rats, a giant cockroach, 2 ball
pythons and 2 rats.

Vanquished Creatures
  A slave (D:4)
  A phantom (D:2)
  An ogre (D:4)
  A scorpion (D:5)
  A crimson imp (D:5)
  A quasit (D:5)
  2 orc priests (D:4)
  2 orc wizards
  3 worker ants
  6 adders
  4 gnolls
  4 oozes
  4 worms
  A dart slug (D:3)
  2 leopard geckos
  8 orcs
  3 ball pythons
  6 giant cockroaches
  6 goblins
  11 hobgoblins
  3 jackals (D:3)
  12 kobolds
  7 quokkas
  3 bats
  2 frilled lizards
  10 rats
105 creatures vanquished.

Notes
Turn   | Place    | Note
-------+----------+-------------------------------------------
     0 | D:1      | Kobolds4U the Deep Elf Conjurer began the quest for the
                  | Orb.
     0 | D:1      | Reached XP level 1. HP: 10/10 MP: 6/6
   120 | D:1      | Reached XP level 2. HP: 15/15 MP: 1/8
   360 | D:1      | Reached skill level 5 in Conjurations
   442 | D:1      | Learned a level 2 spell: Searing Ray
   545 | D:1      | Reached XP level 3. HP: 16/19 MP: 3/10
   827 | D:1      | Learned a level 3 spell: Dazzling Spray
  1268 | D:2      | Reached XP level 4. HP: 24/24 MP: 3/12
  1513 | D:2      | Noticed a phantom
  1546 | D:2      | Killed a phantom
  1546 | D:2      | Reached XP level 5. HP: 13/28 MP: 1/14
  2092 | D:3      | Found an opulent altar of Gozag.
  2193 | D:3      | Reached skill level 5 in Spellcasting
  2650 | D:3      | Found a sacrificial altar of Ru.
  2709 | D:3      | Reached XP level 6. HP: 5/32 MP: 10/15
  3265 | D:3      | Found a burning altar of Makhleb.
  3896 | D:4      | Learned a level 4 spell: Force Lance
  4271 | D:4      | Found a hide-covered altar of Uskayaw.
  4290 | D:4      | Reached skill level 1 in Translocations
  4455 | D:4      | Found a shadowy altar of Dithmenos.
  4459 | D:4      | Found a basalt altar of Yredelemnul.
  4461 | D:4      | Found a shimmering altar of Xom.
  4462 | D:4      | Found a blossoming altar of Fedhas.
  4472 | D:4      | Became a worshipper of Dithmenos the Shadowed
  4521 | D:4      | Reached XP level 7. HP: 36/36 MP: 10/18
  4608 | D:5      | Entered Level 5 of the Dungeon
  4617 | D:5      | Noticed Pikel
  5016 | D:5      | Noticed Edmund
  5019 | D:5      | Found a glowing drain.
  5044 | D:5      | HP: 1/36 [river rat (3)]
  5047 | D:5      | Mangled by a river rat

Skill      XL: |  1  2  3  4  5  6  7 |
---------------+----------------------+-----
Conjurations   | 5 6 |  6.1
Spellcasting   | 4 5 6 |  6.3
Hexes          | 2 3 4 |  4.0
Dodging        | 4 |  4.5
Translocations | 2 3 |  3.1
Stealth        | |  2.4

Action                   |  1- 3 |  4- 6 |  7- 9 || total
-------------------------+-------+-------+-------++-------
Melee: Unarmed           |     9 |       |       ||     9
       Dagger            |    11 |     3 |       ||    14
       Rapier            |       |    15 |    13 ||    28
 Cast: Magic Dart        |    67 |   109 |    22 ||   198
       Searing Ray       |     1 |    13 |     3 ||    17
       Force Lance       |       |     1 |       ||     1
       Dazzling Spray    |       |       |     1 ||     1
  Use: Scroll            |       |       |     2 ||     2
       Potion            |       |       |     2 ||     2
 Stab: Sleeping          |     3 |     1 |       ||     4
  Eat: Chunk             |     1 |    10 |     1 ||    12
Armor: Robe              |     2 |     4 |     7 ||    13
Dodge: Dodged            |    16 |    37 |    44 ||    97
